 Dungeon Crawl Stone Soup version 0.26-a0-784-g51bffae0b1 (webtiles) character file.

Game seed: 11362969382928170038

23 EnegeticOcto the Sneak (level 2, 0/21 HPs)
             Began as an Octopode Delver on Nov 10, 2020.
             Slain by a worm (12 damage)
             ... on level 2 of the Dungeon.
             The game lasted 00:03:56 (1091 turns).

EnegeticOcto the Sneak (Octopode Delver)            Turns: 1091, Time: 00:03:57

Health: 0/21       AC:  1    Str: 11    XL:     2   Next: 95%
Magic:  2/2        EV: 12    Int: 12    God:
Gold:   78         SH:  3    Dex: 13    Spells: 1/1 levels left

rFire    . . .     SeeInvis .   a - +0 short sword
rCold    . . .     Faith    .   i - +0 buckler
rNeg     . . .     Spirit   .   (helmet restricted)
rPois    .         Reflect  .   (no amulet)
rElec    .         Harm     .   (no ring)
rCorr    .         Rampage  .   (no ring)
MR       .....                  (no ring)
Stlth    ++++......             (no ring)
HPRegen  0.07/turn              (no ring)
MPRegen  0.08/turn              (no ring)
                                (no ring)
                                (no ring)

@: no status effects
A: almost no armour, stealthy swim, amphibious, 8 rings, constrict 8, camouflage
1, gelatinous body 1
a: no special abilities


You were on level 2 of the Dungeon.
You visited 1 branch of the dungeon, and saw 5 of its levels.

You collected 78 gold pieces.

Inventory:

Hand Weapons
 a - a +0 short sword (weapon)
Missiles
 k - 3 atropa-tipped darts (quivered)
 n - 38 stones
 r - 6 curare-tipped darts
Armour
 i - a +0 buckler (worn)
   (You found it on level 3 of the Dungeon)
Jewellery
 s - a cursed -4 ring of strength {unknown}
   (You found it on level 2 of the Dungeon)
Wands
 f - a wand of digging (3) {@v3}
Scrolls
 b - a scroll of fog {!r}
 c - 2 scrolls of magic mapping {@r5 !r}
 l - a scroll of remove curse {unknown}
 m - a scroll of teleportation {@r3 !r}
 o - a scroll of blinking {unknown}
Potions
 d - a potion of cancellation {unknown}
 e - a potion of haste {@q4 !q}
 g - a potion of heal wounds {@q2 !q}
 j - 2 potions of lignification {@q6}
 p - a potion of might {@q3 !q}
 q - 3 potions of curing {unknown}


   Skills:
 - Level 3.3 Fighting
 - Level 2.0 Short Blades
 + Level 2.0 Throwing
 - Level 2.0 Dodging
 - Level 6.6 Stealth


You had one spell level left.
You didn't know any spells.
Your spell library was empty.

Dungeon Overview and Level Annotations

Branches:
Dungeon (5/15)
 Temple: D:4-7

Altars:

Shops:
D:4 !

Annotations:
D:5 exclusion: orc wizard


Innate Abilities, Weirdness & Mutations

You cannot wear most types of armour.
You are very stealthy in the water. (Stealth+)
You are amphibious.
You can wear up to eight rings at the same time.
You can use your tentacles to constrict eight enemies at once.
Your skin changes colour to match your surroundings (Stealth+).
Your rubbery body absorbs attacks. (AC +1, EV +1)


Message History

No target in view!
No target in view!
No target in view!
No target in view!
You now have 67 gold pieces (gained 10).
r - 6 curare-tipped darts A frilled lizard comes into view.
The helpless frilled lizard fails to defend itself.
You impale the frilled lizard!!
You kill the frilled lizard!
No target in view!
No target in view!
No target in view!
No target in view!
You see here a frilled lizard corpse.
A giant cockroach comes into view.
A giant cockroach is nearby!
The helpless giant cockroach fails to defend itself.
You puncture the giant cockroach!
You kill the giant cockroach!
Your Throwing skill increases to level 2!
No target in view!
No target in view!
No target in view!
No target in view!
No target in view!
No target in view!
A quokka comes into view.
A quokka is nearby!
The helpless quokka fails to defend itself.
You puncture the quokka!
You kill the quokka!
No target in view!
No target in view!
No target in view!
No target in view!
No target in view!
No target in view!
Found a stone staircase leading up.
No target in view!
Found a stone staircase leading down.
c - 2 scrolls of magic mapping {@r5 !r} (gained 1)
You now have 78 gold pieces (gained 11).
s - a sapphire ring
Okay, then.
q - 3 sapphire potions (gained 1)
Found 22 sling bullets.
A worm comes into view.
A worm comes into view.
You hit the worm. You grab the worm.
The worm is moderately wounded.
You constrict the worm. The worm closely misses you.
You hit the worm but do no damage. Your squeeze misses the worm.
The worm is moderately wounded.
You constrict the worm. The worm bites you!
You are too injured to fight recklessly!
You are too injured to fight recklessly!
You are too injured to fight recklessly!
You are too injured to fight recklessly!
You are too injured to fight recklessly!
You are too injured to fight recklessly!
You hit the worm but do no damage.
The worm is moderately wounded.
You constrict the worm.
You release your grip on the worm.
Throwing (i - inventory. (/) - cycle)
h - 3 poisoned darts (quivered)
Press: ? - help, Shift-Dir - straight line, f - worm
Aim: a worm (lightly wounded)
You throw a poisoned dart.
The poisoned dart barely misses the worm.
Throwing (i - inventory. (/) - cycle)
h - 2 poisoned darts (quivered)
Press: ? - help, Shift-Dir - straight line, f/p - worm
Aim: a worm (lightly wounded)
You throw a poisoned dart.
The poisoned dart barely misses the worm.
The poisoned dart hits the worm.
Throwing (i - inventory. (/) - cycle)
h - a poisoned dart (quivered)
Press: ? - help, Shift-Dir - straight line, f/p - worm
Aim: a worm (lightly wounded)
You throw a poisoned dart. The poisoned dart hits the worm.
The worm is poisoned.
The worm is lightly wounded.
Throwing (i - inventory. (/) - cycle)
k - 5 atropa-tipped darts (quivered)
Press: ? - help, Shift-Dir - straight line, f/p - worm
Aim: a worm (lightly wounded, poisoned, chance to blind on hit: 80%)
You throw an atropa-tipped dart. The atropa-tipped dart hits the worm.
The worm appears confused.
The worm is lightly wounded.
The worm seems less confused.
Throwing (i - inventory. (/) - cycle)
k - 4 atropa-tipped darts (quivered)
Press: ? - help, Shift-Dir - straight line, f/p - worm
Aim: a worm (moderately wounded, blind, poisoned, chance to blind on hit: 80%)
You throw an atropa-tipped dart. The atropa-tipped dart hits the worm.
The worm appears confused.
The worm seems less confused.
The worm looks more healthy.
You hit the worm. Your grab misses the worm.
The worm is moderately wounded.
The worm is no longer blind.
The worm bites you!
Ouch! That really hurt!
You die...

###...#.###.# # #.# #.......#
#.# .#..# ## #.#...#.###.#
#.#.### .# #.#........## #.#...
†###.#..###.### #.#..#
.....#..###.# #.#..#
.......<..#.# ####.#..#
..####.#..#.############.......#
..# #.#..#.....@w((((....######
..# #>...########..w.....# #.#
###..# #.####...# #.# ..# #.#
#...# #.# ..# #.# #...# #.# ##
#.# #..... #.# #.# ##..### #.#
(.# #..# #.. ### #.##


You could see 2 worms.

Vanquished Creatures
  A worm (D:2)
  2 dart slugs
  A giant cockroach (D:2)
  A quokka (D:2)
  3 bats
  5 frilled lizards
  A goblin (D:3)
  2 kobolds
  4 rats (D:1)
20 creatures vanquished.

Vanquished Creatures (others)
  4 toadstools (D:1)
4 creatures vanquished.

Grand Total: 24 creatures vanquished

Notes
Turn   | Place    | Note
-------+----------+-------------------------------------------
     0 | D:5      | EnegeticOcto the Octopode Delver began the quest for the
                  | Orb.
     0 | D:5      | Reached XP level 1. HP: 16/16 MP: 1/1
    56 | D:5      | Noticed an orc wizard
    63 | D:5      | Noticed an ogre
    88 | D:4      | Found Siefig's Distillery.
   358 | D:1      | Reached XP level 2. HP: 18/21 MP: 2/2
   467 | D:1      | Reached skill level 1 in Throwing
   985 | D:2      | Reached skill level 2 in Throwing
  1091 | D:2      | Slain by a worm

Illustrated notes

Levels and vault maps discovered:
D:1:      ldierk_water_garden, layout_basic
D:2:      layout_loops_ring, minmay_fractal_squares_5
D:3:      layout_basic, kennysheep_slug_shrine, minitemple,
          portal_sewer_entry_a, nrook_campfire, chequers_serial_rivers_small_a,
          fountainhead
D:4:      layout_basic, dancing_weapons_uskayaw, serial_shops,
          nicolae_shop_crystal
D:5:      layout_loops_ring

Skill      XL: |  1  2 |
---------------+-------+-----
Throwing       | 2 |  2.0
Fighting       | |  3.3
Short Blades   | |  2.0
Dodging        | |  2.0
Stealth        | |  6.6

Action                   || total
-------------------------++-------
Melee: Short sword       ||    29
       Constrict         ||     4
       Tentacles         ||     3
Throw: Dart              ||     5
  Use: Scroll            ||     8
 Stab: Sleeping          ||    14
Dodge: Dodged            ||     5
Block: Buckler           ||     1

Table legend: (Time is in decaauts)
 A = Elapsed time spent in this place.
 B = Non-inter-level travel time spent in this place.
 C = Inter-level travel time spent in this place.
 D = Time resting spent in this place.
 E = Time spent auto-exploring this place.
 F = Levels seen in this place.
 G = Mean time per level.
                   A        B        C        D        E       F      G
               +--------+--------+--------+--------+--------+-----+--------+
         Total |   1091 |   1062 |     29 |      0 |    723 |   5 |  218.2 |
       Dungeon |   1091 |   1062 |     29 |      0 |    723 |   5 |  218.2 |
               +--------+--------+--------+--------+--------+-----+--------+

Top non-repeatable levels by time:
     D:1: 719 daAuts
     D:2: 233 daAuts
     D:5: 83 daAuts
     D:3: 46 daAuts
     D:4: 8 daAuts
